 Dungeon Crawl Stone Soup version 0.28-a0-425-gd0eccab798 (webtiles) character file.

Game seed: 9562556549889734199

846 Demosthentine the Poker (level 8, 0/62 HPs)
             Began as a Merfolk Gladiator on Sept 10, 2021.
             Shot with a stone by a goblin (3 damage)
             ... on level 4 of the Dungeon.
             The game lasted 00:03:32 (4902 turns).

Demosthentine the Poker (Merfolk Gladiator)         Turns: 4902, Time: 00:03:32

Health: 0/62       AC:  4    Str: 16    XL:     8   Next: 0%
Magic:  8/8        EV: 15    Int:  7    God:
Gold:   144        SH:  0    Dex: 16    Spells: 7/7 levels left

rFire   . . .      SeeInvis .   a - +1 trident
rCold   . . .      Faith    .   (no shield)
rNeg    . . .      Spirit   .   b - +0 leather armour
rPois   .          Reflect  .   c - +0 helmet
rElec   .          Harm     .   (no cloak)
rCorr   .          Rampage  .   (no gloves)
Will    .....                   (no boots)
Stlth   +.........              (no amulet)
HPRegen 0.20/turn               (no ring)
MPRegen 0.11/turn               (no ring)

@: no status effects
A: (nimble swimmer 2), mertail
a: no special abilities


You were on level 4 of the Dungeon.
You visited 1 branch of the dungeon, and saw 4 of its levels.

You collected 144 gold pieces.

Inventory:

Hand Weapons
 a - a +1 trident (weapon)
Missiles
 d - a throwing net (quivered)
Armour
 b - a +0 leather armour (worn)
 c - a +0 helmet (worn)
Jewellery
 g - a ring of wizardry
Scrolls
 h - 3 scrolls of fog
 i - 2 scrolls of holy word
 l - a scroll of teleportation
 m - a scroll of acquirement {unknown}
Potions
 e - 2 potions of heal wounds
 f - 2 potions of curing
 j - a potion of cancellation {unknown}
 k - a potion of attraction {unknown}


   Skills:
 + Level 5.1 Fighting
 + Level 7.6 Polearms
 - Level 2.0 Throwing
 + Level 3.0 Armour
 + Level 6.9 Dodging


You had 7 spell levels left.
You didn't know any spells.
Your spell library contained the following spells:

 Spells                   Type           Power      Damage    Failure   Level
 Animate Skeleton         Necr           0%         N/A       50%         1
 Apportation              Tloc           0%         N/A       50%         1
 Summon Small Mammal      Summ           0%         N/A       50%         1
 Animate Dead             Necr           0%         N/A       99%         4
 Haunt                    Necr/Summ      0%         N/A       100%        7
 Infestation              Necr           0%         N/A       100%        8


Dungeon Overview and Level Annotations

Branches:
Dungeon (4/15)
 Temple: D:4-7

Altars:
Cheibriados
Gozag
Ru
Xom


Innate Abilities, Weirdness & Mutations

((You are quick and stealthy near water. (Stealth+, EV+, Speed+++)))
Your lower body shifts to a powerful aquatic tail in water.


Message History

* * * LOW HITPOINT WARNING * * *
The goblin wields a +0 hunting sling.
The goblin shoots a stone.
The stone closely misses you.
There is an open door, spattered with blood here.
Unknown command.
You see here a +0 club.
You puncture the hobgoblin!
You kill the hobgoblin!
The goblin shoots a stone.
The stone completely misses you.
The hobgoblin unwields a +0 hunting sling.
The hobgoblin closely misses you.
The goblin unwields a +0 hunting sling.
The goblin barely misses you.
There is an open door, spattered with blood here.
Things that are here:
a +0 club; a hobgoblin corpse You see here a +0 club.
You hit the hobgoblin but do no damage. The hobgoblin hits you with a +0 club.
* * * LOW HITPOINT WARNING * * *
You hit the hobgoblin.
The hobgoblin is heavily wounded.
The hobgoblin misses you.
You closely miss the hobgoblin.
The hobgoblin is heavily wounded.
The hobgoblin closely misses you.
You hit the hobgoblin.
You kill the hobgoblin!
The goblin shoots a stone.
The stone closely misses you.
Reach: a) +1 trident
Press: ? - help, Dir - move target, f - goblin
Aim: a goblin, quivering stones (moderately wounded, about 41% to evade your +1 trident)
Okay, then.
You barely miss the goblin.
The goblin is moderately wounded.
The hobgoblin wields a +0 hunting sling.
The hobgoblin shoots a sling bullet.
The sling bullet hits you!
* * * LOW HITPOINT WARNING * * *
You hit the goblin.
The goblin is heavily wounded.
The goblin shoots a stone.
The stone hits you.
You die...

################################
##≈≈≈≈≈≈≈≈≈≈≈≈≈≈≈≈≈≈≈≈≈≈≈≈≈≈≈≈≈≈≈
≈≈≈≈≈≈≈≈≈≈≈≈≈≈≈≈≈≈≈≈≈≈≈≈≈≈≈≈≈≈≈≈≈
#≈≈≈≈≈≈≈≈≈≈≈≈≈≈≈≈≈≈≈≈≈≈≈≈≈≈≈≈≈≈≈≈
#################################
.............g#g......#....#
.............g)@).....#....#
$.......).....#########....##
...########..........#......#
#..........'......+
########..........#..)...#
...........#########....##
...........).......#....#
...........#.......#....#
#########################''######


You could see a hobgoblin and 2 goblins.

Vanquished Creatures
  Sigmund (D:3)
  Menkaure (D:4)
  Duvessa (D:4)
  A black bear (D:4)
  Dowan (D:4)
  A jelly (D:4)
  An orc priest (D:3)
  A bullfrog skeleton (D:4)
  Jessica (D:3)
  2 iguanas (D:4)
  A mummy (D:4)
  A gnoll (D:4)
  4 adders
  An adder skeleton (D:4)
  3 worms (D:2)
  3 dart slugs
  5 orcs
  4 endoplasms
  3 giant cockroaches
  11 goblins
  8 hobgoblins
  2 jackals (D:1)
  A quokka (D:4)
  5 ball pythons
  8 bats
  3 frilled lizards
  2 kobolds
  5 rats
81 creatures vanquished.

Notes
Turn   | Place    | Note
-------+----------+-------------------------------------------
     0 | D:1      | Demosthentine the Merfolk Gladiator began the quest for the
                  | Orb.
     0 | D:1      | Reached XP level 1. HP: 16/16 MP: 1/1
    74 | D:1      | Reached XP level 2. HP: 23/23 MP: 2/2
   474 | D:1      | Found a faded altar of an unknown god.
   474 | D:1      | Noticed a red devil
   645 | D:1      | Reached XP level 3. HP: 28/28 MP: 3/3
   807 | D:2      | Reached skill level 5 in Polearms
  1352 | D:2      | Reached skill level 1 in Armour
  1443 | D:2      | Reached XP level 4. HP: 34/34 MP: 4/4
  1623 | D:2      | Found a shimmering altar of Xom.
  1940 | D:3      | Noticed Sigmund
  1967 | D:3      | Killed Sigmund
  1968 | D:3      | Reached skill level 6 in Polearms
  1968 | D:3      | Reached skill level 5 in Dodging
  1968 | D:3      | Reached XP level 5. HP: 15/42 MP: 5/5
  1968 | D:3      | Reached XP level 6. HP: 17/48 MP: 6/6
  2243 | D:3      | Noticed Jessica
  2247 | D:3      | Killed Jessica
  3054 | D:4      | Noticed Dowan
  3088 | D:4      | Killed Dowan
  3185 | D:4      | Noticed Duvessa
  3196 | D:4      | Killed Duvessa
  3197 | D:4      | Reached XP level 7. HP: 5/55 MP: 7/7
  3488 | D:4      | Found an opulent altar of Gozag.
  3538 | D:4      | Reached skill level 7 in Polearms
  3638 | D:4      | Found a snail-covered altar of Cheibriados.
  3906 | D:4      | Found a sacrificial altar of Ru.
  4714 | D:4      | Noticed Menkaure
  4725 | D:4      | Killed Menkaure
  4726 | D:4      | Reached skill level 5 in Fighting
  4883 | D:4      | Reached XP level 8. HP: 33/62 MP: 8/8
  4901 | D:4      | HP: 3/62 [hobgoblin/sling bullet (7)]
  4902 | D:4      | Shot with a stone by a goblin

Illustrated notes

Levels and vault maps discovered:
D:1:      mainiacjoe_arrival_reflecting_pool, layout_rooms,
          dreamdust_ecumenical_altar_sealed_demon, minmay_split_cup_small
D:2:      layout_loops_ring, basic_altar
D:3:      layout_rooms, uniq_sigmund, uniq_jessica
D:4:      minmay_goblin_kobold_castle, layout_basic, chei_slow_surprise,
          nicolae_ru_awakened_eye, mainiacjoe_overflow_swirl, uniq_menkaure,
          uniq_duvessa

Skill      XL: |  1  2  3  4  5  6  7 |
---------------+----------------------+-----
Polearms       | 5 6 7 |  7.6
Armour         | 1 2 3 |  3.0
Fighting       | 3 4 5 |  5.1
Dodging        | 5 6 |  6.9
Throwing       | |  2.0

Action                   |  1- 3 |  4- 6 |  7- 9 || total
-------------------------+-------+-------+-------++-------
Melee: Trident           |   117 |   105 |   109 ||   331
       Tailslap          |       |     2 |       ||     2
Throw: Throwing net      |       |     2 |     1 ||     3
  Use: Scroll            |     1 |     6 |       ||     7
       Potion            |       |     5 |       ||     5
 Stab: Sleeping          |     1 |     1 |       ||     2
       Distracted        |     1 |       |       ||     1
Armor: Leather armour    |    26 |    14 |    23 ||    63
Dodge: Dodged            |    60 |    42 |    87 ||   189

Table legend: (Time is in decaauts)
 A = Elapsed time spent in this place.
 B = Non-inter-level travel time spent in this place.
 C = Inter-level travel time spent in this place.
 D = Time resting spent in this place.
 E = Time spent auto-exploring this place.
 F = Levels seen in this place.
 G = Mean time per level.
                   A        B        C        D        E       F      G
               +--------+--------+--------+--------+--------+-----+--------+
         Total |   4853 |   4792 |     61 |      0 |   4082 |   4 | 1213.2 |
       Dungeon |   4853 |   4792 |     61 |      0 |   4082 |   4 | 1213.2 |
               +--------+--------+--------+--------+--------+-----+--------+

Top non-repeatable levels by time:
     D:4: 2000 daAuts
     D:2: 1276 daAuts
     D:3: 813 daAuts
     D:1: 763 daAuts
